Map: Double the Carnage 3.0

Players

MrFercho

  • Race: Zerg Zerg
  • Spawn Location: 7:00

Player 2

  • Race: Terran Terran
  • Spawn Location: 1:00

tigro

  • Race: Terran Terran
  • Spawn Location: 7:00

Player 4

  • Race: Protoss Protoss
  • Spawn Location: 0:00

Player 5

  • Race: Terran Terran
  • Spawn Location: 0:00

VOD

Have the link to the VOD?

Description

Time

  • Played on: April 25, 2020, 10:03 p.m.
  • Length: 10:58
Show
View Real Time Build Order
Export as new Build Order

MrFercho Zerg 

Build Orders: Hatch First 

Get SALT Encoding   

  12  0:10  Drone  
  13  0:24  Overlord  
  13  0:29  Drone  
  14  0:43  Drone  
  15  0:50  Drone x2  
  17  1:06  Drone  
  18  1:19  Hatchery, Extractor  
  18  1:20  Extractor  
  15  1:26  Drone x2  
  15  1:30  Unknown  
  16  1:33  Unknown  
  15  1:45  Overlord  
  15  1:52  Drone x2  
  17  2:00  Spawning Pool  
  16  2:14  Drone  
  16  2:15  Drone  
  18  2:42  Drone  
  19  2:50  Metabolic Boost  
  19  2:55  Zergling x6  
  22  3:22  Drone x3  
  22  3:26  Drone x2  
  27  4:20  Drone x6  
  33  4:49  Lair  
  30  6:00  Burrow  
  30  6:07  Infestation Pit  
  29  6:12  Spire  
  29  6:16  Nydus Network  
  27  6:22  Hydralisk Den  
  26  6:32  Roach Warren  
  25  6:40  Drone x6  
  31  6:52  Baneling Nest  
  30  7:13  Hatchery  
  27  7:17  Spore Crawler  
  26  7:43  Mutalisk  
  28  7:44  Mutalisk x4  
  28  7:46  Overlord  
  36  8:24  Overseer  
  37  8:48  Drone  
  37  8:49  Drone x5  
  42  9:40  Hydralisk x2  
  45  9:59  Mutalisk  
Show
View Real Time Build Order
Export as new Build Order

Player 2 Terran 

Build Orders:  

Get SALT Encoding   

  12  0:00  SCV  
  13  0:13  SCV  
  14  0:16  Supply Depot  
  14  0:25  SCV  
  15  0:37  SCV  
  15  0:41  Barracks  
  16  0:49  SCV  
  17  0:59  Supply Depot  
  17  1:02  SCV, Unknown  
  18  1:14  SCV  
  19  1:26  SCV  
  19  1:28  Marine  
  21  1:38  SCV  
  22  1:45  Marine  
  23  1:50  SCV  
  23  1:51  Barracks  
  24  1:54  Supply Depot  
  24  1:58  Factory  
  24  2:02  SCV  
  24  2:03  Marine  
  26  2:14  SCV  
  27  2:17  Supply Depot  
  27  2:21  Barracks Tech Lab  
  27  2:26  SCV  
  28  2:38  SCV, Supply Depot, Marine  
  28  2:39  Marine  
  28  2:41  Barracks  
  28  2:43  Starport  
  31  2:50  SCV  
  32  2:54  Stimpack  
  32  2:56  Supply Depot, Barracks Tech Lab  
  32  2:57  Marine  
  33  3:04  Orbital Command  
  33  3:14  Marine  
  33  3:15  Marine  
  35  3:20  Medivac  
  37  3:27  Marine  
  37  3:29  SCV, Combat Shield  
  37  3:32  Marine  
  37  3:33  Engineering Bay, Marine  
  41  3:36  Command Center  
  41  3:45  Marine  
  42  3:50  Medivac  
  44  3:57  Marine  
  44  4:00  Missile Turret  
  45  4:03  Supply Depot  
  45  4:04  SCV  
  45  4:05  Missile Turret, Marine  
  47  4:21  Starport Tech Lab  
  47  4:24  Marine  
  47  4:25  SCV  
  47  4:30  Marine x2  
  51  4:33  Engineering Bay  
  51  4:39  Medivac  
  51  4:41  Unknown  
  51  4:42  Marauder  
  51  4:45  Barracks  
  55  4:47  Marine  
  55  4:48  Marine  
  55  4:49  SCV x2  
  55  4:52  Unknown  
  59  4:57  Unknown  
  59  5:01  SCV  
  59  5:02  SCV  
  59  5:04  Marauder  
  59  5:05  Marine  
  64  5:09  Raven  
  64  5:13  SCV, Missile Turret, Factory Tech Lab  
  67  5:14  SCV  
  67  5:19  Supply Depot  
  68  5:23  Terran Infantry Weapons Level 1, Missile Turret  
  68  5:24  Marauder  
  68  5:25  SCV, Marauder  
  68  5:26  Orbital Command, Missile Turret  
  73  5:34  Siege Tank  
  76  5:36  Terran Infantry Armor Level 1  
  76  5:37  SCV  
  77  5:45  Marauder  
  77  5:47  Marauder  
  77  5:49  SCV, Supply Depot  
  82  5:52  SCV  
  83  6:01  SCV  
  83  6:02  Barracks Reactor  
  84  6:04  SCV  
  84  6:06  Marauder, Siege Tank  
  84  6:08  Marauder  
  92  6:13  SCV, Supply Depot  
  93  6:22  SCV  
  94  6:26  SCV  
  94  6:28  Marauder  
  94  6:29  Marauder  
  99  6:35  SCV  
  99  6:37  Supply Depot  
  99  6:38  SCV, Siege Tank  
  104  6:49  Marauder  
  104  6:51  Marauder  
  108  7:03  Supply Depot  
  108  7:07  Concussive Shells  
  108  7:09  Ghost Academy  
  108  7:10  Marauder, Siege Tank  
  108  7:12  Marauder  
  115  7:23  Armory  
  115  7:28  Supply Depot  
  115  7:32  Marauder  
  115  7:34  Marauder  
  119  7:43  Siege Tank  
  122  7:47  Command Center  
  122  7:53  Marauder  
  122  7:54  Supply Depot, Ghost  
  126  8:15  Marauder, Siege Tank  
  126  8:19  Supply Depot  
  131  8:23  Ghost  
  133  8:36  Marauder  
  133  8:39  Marine  
  133  8:42  Marine x2  
  133  8:46  Supply Depot  
  133  8:47  Siege Tank  
  113  8:50  Viking  
  113  8:52  Marauder  
  82  8:57  Marauder, Marine  
  82  9:00  Marine x2  
  82  9:02  SCV  
  85  9:03  SCV  
  85  9:04  SCV  
  85  9:09  Unknown  
  87  9:13  Marauder  
  87  9:14  SCV  
  87  9:15  Marine  
  87  9:16  SCV, Orbital Command  
  92  9:18  Marine x3  
  92  9:19  Siege Tank  
  92  9:20  Liberator  
  101  9:26  SCV  
  101  9:28  SCV  
  103  9:33  Marine  
  103  9:34  Ghost  
  103  9:35  Missile Turret  
  103  9:36  Ghost, Marine x2  
  103  9:38  SCV, Missile Turret  
  111  9:40  SCV  
  111  9:41  SCV  
  113  9:50  SCV, Supply Depot  
  113  9:51  Command Center, Marine, Siege Tank  
  118  9:54  SCV, Marine x2  
  118  9:55  SCV  
  122  10:02  Ghost  
  122  10:03  Liberator  
  122  10:05  Marauder  
  129  10:08  Marine  
  129  10:11  Marine  
  129  10:12  Marine  
  132  10:17  Supply Depot  
  132  10:20  Missile Turret  
  132  10:23  Siege Tank  
  132  10:25  Fusion Core  
  132  10:26  Marauder, Marine  
  138  10:32  Marauder  
  140  10:40  Armory  
  140  10:43  Supply Depot  
  140  10:48  Missile Turret  
Show
View Real Time Build Order
Export as new Build Order

tigro Terran 

Build Orders:  

Get SALT Encoding   

  12  0:17  SCV  
  13  0:28  Supply Depot  
  13  0:29  SCV  
  14  0:40  Unknown  
  14  0:41  SCV  
  15  0:50  Unknown  
  15  0:53  SCV  
  16  1:05  SCV  
  16  1:07  Barracks  
  17  1:17  SCV  
  18  1:29  SCV  
  19  1:32  Supply Depot  
  19  1:41  SCV  
  20  1:53  SCV  
  21  1:54  Marine  
  22  2:02  Engineering Bay  
  22  2:06  SCV  
  23  2:10  Barracks  
  23  2:12  Marine  
  24  2:18  SCV  
  25  2:30  SCV, Marine  
  27  2:39  Terran Infantry Weapons Level 1  
  27  2:48  Marine  
  28  2:53  Factory  
  28  2:58  Orbital Command  
  28  3:05  Marine, Barracks Tech Lab  
  29  3:23  Missile Turret, Marine  
  30  3:33  Combat Shield  
  30  3:44  Factory Tech Lab  
  30  3:59  Barracks Tech Lab  
  30  4:01  Marauder  
  32  4:20  Starport  
  32  4:22  Marauder  
  34  4:33  Terran Infantry Armor Level 1  
  34  4:36  Armory  
  34  4:44  Marauder, Infernal Pre-Igniter  
  36  4:52  Concussive Shells, Stimpack  
  36  4:55  Marauder  
  38  5:14  Marauder  
  38  5:16  Marauder  
  34  5:36  Marauder  
  34  5:38  Marauder  
  38  5:57  Marauder  
  38  5:59  Marauder  
  38  6:00  Starport Tech Lab  
  38  6:03  Mag-Field Accelerator  
  42  6:07  Command Center  
  42  6:19  Marauder  
  42  6:20  Marauder  
  46  6:27  Neosteel Armor  
  46  6:37  Supply Depot  
  46  6:58  Thor  
  46  6:59  Marauder  
  46  7:00  Terran Vehicle Weapons Level 1, Supply Depot  
  54  7:19  Medivac, Marauder  
  54  7:20  Marauder  
  42  7:41  Marauder x2, Thor  
  50  7:49  Banshee  
  53  8:02  Marauder  
  53  8:03  Marauder  
  57  8:07  Hi-Sec Auto Tracking  
  55  8:23  Marauder  
  57  8:32  Planetary Fortress, Missile Turret, Banshee  
  60  8:43  Unknown  
  60  8:52  Unknown  
  60  8:54  Terran Vehicle And Ship Armor Level 1  
  60  9:05  Missile Turret  
  60  9:14  Viking  
  62  9:20  Thor  
  62  9:23  Marine  
  69  9:27  Marauder  
  71  9:41  Missile Turret, Marine  
  71  9:44  Viking  
  74  9:49  Marauder  
  76  9:59  Marine  
  77  10:02  Missile Turret  
  66  10:10  Marauder  
  40  10:14  Viking  
  40  10:17  Marine  
  39  10:31  Marauder  
  39  10:35  Marine  
Show
View Real Time Build Order
Export as new Build Order

Player 4 Protoss 

Build Orders: 1 Gate Expand, Double Forge, Nexus First, Archon Immortal 

Get SALT Encoding   

  12  0:01  Probe  
  13  0:13  Probe  
  14  0:18  Pylon  
  14  0:24  Probe  
  15  0:33  Probe  
  15  0:41  Probe  
  16  0:43  Gateway  
  16  0:44  Unknown  
  17  0:51  Probe  
  18  0:59  Probe  
  19  1:04  Nexus  
  19  1:08  Probe  
  19  1:12  Pylon  
  20  1:23  Probe  
  21  1:32  Zealot  
  23  1:34  Cybernetics Core  
  23  1:37  Gateway  
  23  1:38  Probe  
  24  1:46  Pylon  
  24  1:50  Probe  
  24  1:53  Zealot  
  27  2:02  Probe  
  28  2:11  Probe  
  28  2:13  Warp Gate  
  29  2:16  Probe, Adept  
  29  2:18  Pylon  
  29  2:19  Probe  
  32  2:24  Adept  
  32  2:28  Probe x2  
  37  2:40  Probe x2  
  37  2:43  Pylon  
  39  2:45  Robotics Facility  
  39  2:46  Adept  
  41  2:52  Probe  
  41  2:53  Probe  
  41  2:54  Sentry  
  45  3:03  Probe  
  45  3:05  Probe  
  47  3:10  Stalker  
  47  3:11  Probe  
  47  3:12  Gateway  
  47  3:16  Adept  
  47  3:17  Probe  
  47  3:19  Probe  
  54  3:27  Pylon  
  54  3:29  Probe  
  54  3:31  Probe  
  54  3:32  Immortal  
  60  3:38  Forge  
  60  3:40  Stalker  
  60  3:41  Probe  
  63  3:43  Probe  
  63  3:46  Adept  
  66  3:53  Probe  
  68  3:55  Probe  
  68  3:59  Robotics Facility  
  68  4:02  Gateway  
  68  4:05  Probe  
  68  4:06  Stalker  
  68  4:07  Probe  
  68  4:08  Observer  
  68  4:09  Pylon  
  72  4:15  Pylon  
  72  4:16  Unknown  
  73  4:18  Stalker  
  73  4:19  Photon Cannon  
  73  4:22  Photon Cannon  
  73  4:23  Immortal  
  75  4:26  Stalker  
  75  4:27  Probe  
  75  4:28  Probe  
  75  4:29  Stalker  
  85  4:40  Pylon  
  85  4:43  Forge  
  85  4:46  Immortal  
  89  4:54  Immortal  
  89  4:59  Stalker  
  91  5:03  Stalker  
  91  5:06  Pylon  
  97  5:16  Immortal  
  97  5:25  Zealot  
  103  5:30  Pylon, Zealot x2  
  103  5:34  Twilight Council  
  107  5:37  Unknown  
  107  5:38  Unknown  
  107  5:47  Nexus  
  107  5:48  Zealot  
  107  5:49  Immortal  
  113  5:58  Pylon  
  113  6:03  Protoss Ground Weapons Level 1  
  113  6:05  Sentry  
  113  6:06  Zealot  
  113  6:07  Pylon  
  115  6:12  Probe  
  115  6:15  Dark Shrine  
  115  6:16  Zealot x2  
  124  6:25  Immortal  
  124  6:27  Zealot  
  124  6:28  Zealot  
  124  6:30  Pylon  
  124  6:31  Zealot  
  124  6:32  Protoss Ground Armor Level 1  
  130  6:36  Zealot  
  132  6:48  Zealot  
  132  6:49  Zealot  
  132  6:50  Zealot  
  138  6:57  Zealot  
  138  6:59  Probe, Pylon  
  138  7:00  Probe  
  138  7:01  Probe  
  143  7:07  Zealot  
  143  7:08  Immortal, Zealot  
  149  7:10  Zealot  
  149  7:11  Probe  
  154  7:17  Probe  
  154  7:18  Probe, Unknown  
  154  7:19  Immortal  
  154  7:22  Pylon  
  160  7:23  Probe  
  160  7:26  Dark Templar  
  160  7:27  Dark Templar  
  165  7:37  Archon  
  165  7:40  Dark Templar  
  165  7:41  Probe  
  165  7:42  Probe  
  165  7:43  Probe  
  170  7:45  Pylon, Dark Templar  
  170  7:47  Observer  
  173  7:52  Archon  
  173  8:03  Probe, Observer  
  173  8:04  Probe, Protoss Ground Weapons Level 2, Dark Templar  
  173  8:05  Probe, Dark Templar  
  181  8:13  Pylon  
  181  8:17  Warp Prism  
  181  8:20  Archon  
  181  8:29  Photon Cannon  
  181  8:31  Dark Templar  
  181  8:32  Probe x2  
  184  8:40  Pylon  
  171  8:42  Warp Prism, Sentry, Dark Templar  
  171  8:43  Stalker  
  171  8:44  Probe  
  171  8:46  Probe  
  155  8:51  Immortal  
  147  8:56  Probe  
  147  8:58  Probe  
  149  9:03  Stalker  
  149  9:04  Zealot  
  149  9:05  Stalker  
  149  9:09  Probe  
  156  9:10  Probe  
  156  9:13  Nexus  
  156  9:14  Stalker  
  159  9:18  Immortal, Nexus  
  159  9:21  Probe  
  164  9:24  Probe  
  164  9:25  Pylon, Zealot  
  164  9:26  Zealot  
  164  9:28  Stalker  
  165  9:33  Probe  
  165  9:36  Immortal  
  165  9:37  Probe, Sentry  
  165  9:45  Probe  
  162  9:46  Stalker  
  162  9:47  Zealot  
  162  9:49  Probe, Pylon  
  162  9:50  Archon  
  162  9:51  Sentry  
  169  9:53  Zealot  
  169  9:57  Probe  
  169  9:59  Stargate  
  172  10:02  Probe  
  173  10:07  Stalker  
  173  10:09  Probe, Zealot  
  173  10:13  Stalker  
  180  10:14  Adept  
  180  10:15  Probe, Pylon  
  183  10:21  Probe  
  183  10:25  Probe  
  183  10:27  Probe  
  186  10:29  Zealot  
  186  10:30  Zealot  
  186  10:33  Probe  
  186  10:34  Probe  
  186  10:35  Zealot  
  194  10:37  Probe, Stalker  
  194  10:39  Probe  
  198  10:43  Pylon  
  198  10:45  Probe, Adept  
  198  10:46  Probe  
  198  10:49  Stalker  
  206  10:54  Zealot  
  206  10:55  Zealot  
Show
View Real Time Build Order
Export as new Build Order

Player 5 Terran 

Build Orders: Mech 

Get SALT Encoding   

  12  0:01  SCV  
  13  0:13  SCV  
  14  0:16  Supply Depot  
  14  0:25  SCV  
  15  0:38  SCV  
  15  0:40  Barracks  
  16  0:50  SCV  
  17  1:02  SCV  
  18  1:04  Supply Depot  
  18  1:09  Unknown  
  18  1:14  SCV  
  19  1:26  SCV  
  19  1:27  Marine  
  21  1:38  SCV  
  22  1:45  Marine  
  23  1:50  SCV, Barracks  
  23  1:53  Supply Depot  
  24  1:56  Factory  
  24  2:02  SCV  
  24  2:03  Marine  
  26  2:14  SCV  
  27  2:21  Marine  
  28  2:26  SCV  
  29  2:32  Unknown  
  29  2:36  Marine  
  30  2:38  Marine  
  30  2:39  SCV  
  30  2:41  Barracks, Factory Tech Lab  
  32  2:51  SCV, Starport  
  33  2:54  Marine  
  33  2:56  Marine  
  35  2:58  Supply Depot  
  35  3:03  SCV  
  36  3:12  Marine  
  37  3:14  Marine  
  37  3:15  SCV  
  39  3:26  Supply Depot  
  39  3:27  SCV  
  39  3:28  Marine  
  39  3:29  Marine  
  39  3:31  Starport Tech Lab  
  39  3:32  Marine  
  43  3:38  Factory  
  43  3:39  SCV  
  44  3:42  Starport  
  44  3:47  Siege Tank  
  44  3:48  Marine x2  
  49  3:51  SCV  
  50  3:57  Supply Depot  
  50  4:03  SCV  
  51  4:15  SCV  
  52  4:19  Supply Depot  
  52  4:20  Siege Tank  
  52  4:22  Raven, Starport  
  57  4:27  SCV  
  57  4:28  Engineering Bay  
  58  4:40  SCV  
  58  4:43  Marine  
  58  4:44  Marine  
  61  4:50  Supply Depot  
  61  4:52  SCV  
  62  4:56  Missile Turret  
  62  5:01  Factory  
  62  5:04  SCV  
  62  5:05  Banshee  
  66  5:12  Hellion, Missile Turret  
  66  5:13  Hellion  
  70  5:16  SCV  
  70  5:21  Supply Depot  
  70  5:25  Barracks Tech Lab  
  70  5:28  SCV  
  69  5:30  Cloaking Field  
  69  5:33  Hellion  
  69  5:34  Siege Tank  
  74  5:40  SCV  
  75  5:45  Hellion, Supply Depot  
  77  5:50  Marine x2  
  77  5:51  Marine  
  77  5:52  SCV  
  81  5:58  Command Center  
  81  6:04  SCV  
  81  6:06  Siege Tank  
  81  6:09  Marauder  
  81  6:10  Supply Depot  
  87  6:16  SCV  
  88  6:24  Stimpack  
  88  6:29  Orbital Command  
  88  6:31  Marauder  
  90  6:34  Supply Depot  
  90  6:45  Ghost Academy  
  90  6:51  Siege Tank  
  90  6:52  Marauder  
  95  7:02  Supply Depot, Terran Infantry Weapons Level 1  
  95  7:13  Engineering Bay, Marauder  
  95  7:23  Hellion  
  95  7:26  Hellion  
  94  7:31  Marine  
  94  7:35  Marauder  
  95  7:40  Command Center  
  95  7:50  Siege Tank  
  98  7:55  Ghost  
  100  8:03  Viking  
  102  8:07  Viking  
  104  8:14  Viking, Supply Depot  
  106  8:22  Siege Tank  
  106  8:24  Ghost  
  111  8:27  Unknown  
  111  8:33  Liberator  
  114  8:38  Supply Depot  
  114  8:39  Liberator  
  114  8:53  SCV x2, Marauder  
  114  8:54  SCV, Siege Tank  
  122  9:02  Unknown  
  122  9:05  SCV  
  122  9:07  SCV  
  122  9:08  SCV, Liberator  
  128  9:14  Unknown, Ghost  
  130  9:17  SCV  
  130  9:19  SCV  
  130  9:20  SCV  
  133  9:26  Supply Depot  
  133  9:29  SCV  
  134  9:31  SCV  
  134  9:33  SCV  
  134  9:36  Hellion  
  134  9:38  Liberator  
  141  9:39  Hellion  
  141  9:41  SCV  
  141  9:42  Ghost  
  141  9:43  SCV  
  141  9:45  SCV  
  148  9:51  Viking  
  150  9:53  SCV, Supply Depot  
  150  9:55  SCV  
  150  9:57  SCV  
  153  10:04  Marine  
  153  10:05  SCV, Marine  
  151  10:11  Ghost  
  151  10:14  Armory, Orbital Command, Factory Tech Lab  
  148  10:18  Missile Turret  
  146  10:22  Marine  
  146  10:23  Missile Turret, Marine  
  148  10:28  Missile Turret  
  148  10:32  Supply Depot  
  151  10:35  Hellion  
  151  10:39  Armory  
  151  10:42  Missile Turret  
  153  10:46  Missile Turret  
  153  10:49  Missile Turret  
Tags
 
Add a new tag
Caveats
  • Supply blocks, unpowered buildings, or Contaminate may cause inaccurate times.
  • Supply counts are checked every 10 seconds.